Map: Dusk Towers

Players

NightEnD - Winner!

  • Race: Protoss Protoss
  • League: Grandmaster

LiquidTLO (TLO)

  • Race: Zerg Zerg
  • League: Grandmaster

Event: Homestory Cup XII

VOD

Have the link to the VOD?

Description

Time

  • Played on: Dec. 17, 2015, 4:30 p.m.
  • Length: 12:51

All games in this series

Show
View Real Time Build Order
Export as new Build Order

NightEnD Protoss - Winner!

Build Orders: 1 Gate Expand, Phoenix Opening, Zealot Archon 

Get SALT Encoding   

  12  0:01  Probe (Chrono Boost)  
  13  0:11  Probe (Chrono Boost)  
  14  0:17  Pylon  
  14  0:22  Probe (Chrono Boost)  
  15  0:36  Probe (Chrono Boost)  
  15  0:39  Gateway  
  16  0:45  Assimilator  
  16  0:46  Probe (Chrono Boost)  
  18  0:57  Probe (Chrono Boost)  
  18  1:07  Probe (Chrono Boost)  
  19  1:18  Probe (Chrono Boost)  
  20  1:25  Nexus  
  20  1:28  Probe (Chrono Boost)  
  21  1:39  Probe (Chrono Boost)  
  22  1:40  Cybernetics Core  
  22  1:47  Pylon  
  22  1:49  Probe (Chrono Boost)  
  23  1:55  Assimilator  
  23  2:05  Probe (Chrono Boost)  
  23  2:07  Zealot  
  26  2:16  Probe (Chrono Boost)  
  26  2:17  Warp Gate  
  27  2:27  Gateway, Probe (Chrono Boost)  
  28  2:35  Stargate  
  28  2:37  Probe x2 (Chrono Boost)  
  30  2:48  Probe x2 (Chrono Boost)  
  32  2:52  Pylon  
  34  2:58  Probe x2 (Chrono Boost)  
  34  3:05  Adept  
  36  3:09  Probe x2 (Chrono Boost)  
  38  3:19  Probe x2 (Chrono Boost), Phoenix  
  42  3:30  Mothership Core (Chrono Boost), Probe (Chrono Boost)  
  45  3:40  Probe (Chrono Boost)  
  46  3:44  Phoenix  
  48  3:48  Probe (Chrono Boost)  
  48  3:51  Probe (Chrono Boost)  
  48  3:55  Pylon  
  50  3:56  Assimilator  
  50  3:59  Probe (Chrono Boost)  
  50  4:01  Probe (Chrono Boost)  
  50  4:02  Assimilator  
  52  4:03  Twilight Council, Forge  
  52  4:06  Gateway  
  52  4:09  Probe (Chrono Boost)  
  53  4:12  Probe (Chrono Boost), Pylon  
  54  4:20  Probe (Chrono Boost)  
  54  4:23  Probe (Chrono Boost), Pylon  
  56  4:24  Phoenix  
  56  4:31  Probe (Chrono Boost)  
  59  4:35  Probe (Chrono Boost), Protoss Ground Weapons Level 1 (Chrono Boost)  
  59  4:36  Charge  
  60  4:41  Probe (Chrono Boost)  
  60  4:43  Zealot  
  60  4:44  Zealot  
  60  4:45  Probe (Chrono Boost)  
  66  4:52  Probe  
  67  4:58  Phoenix  
  69  5:03  Nexus  
  69  5:06  Probe x2  
  71  5:08  Pylon  
  71  5:13  Pylon  
  71  5:17  Pylon  
  71  5:18  Probe x2  
  73  5:30  Probe x2  
  73  5:32  Robotics Facility  
  75  5:42  Probe x2  
  77  5:54  Probe x2  
  77  5:55  Zealot x3  
  85  6:03  Gateway  
  85  6:05  Gateway, Protoss Ground Weapons Level 2 (Chrono Boost)  
  85  6:06  Probe x2  
  85  6:07  Gateway  
  85  6:09  Gateway  
  87  6:13  Gateway  
  87  6:15  Gateway  
  87  6:18  Templar Archives  
  87  6:21  Observer (Chrono Boost)  
  88  6:28  Zealot x3  
  94  6:36  Pylon  
  94  6:38  Pylon  
  94  6:40  Warp Prism (Chrono Boost)  
  96  6:49  Zealot x3  
  102  6:56  Pylon  
  102  6:58  Pylon  
  102  7:08  High Templar x2  
  102  7:09  High Templar x2  
  102  7:10  High Templar x2  
  102  7:11  Zealot x3  
  102  7:13  Archon x2  
  120  7:17  Archon  
  120  7:25  Gateway x2  
  120  7:29  Assimilator  
  120  7:30  Gateway x2, Assimilator  
  120  7:31  Probe x3  
  120  7:34  Pylon  
  120  7:36  Observer (Chrono Boost), Pylon  
  124  7:43  Zealot x3  
  130  7:44  Zealot  
  132  8:06  Zealot x4  
  132  8:07  Zealot x2  
  132  8:08  Zealot x3  
  124  8:29  Zealot x6  
  124  8:30  Zealot x6  
  124  8:31  Zealot  
  128  8:52  Warp Prism (Chrono Boost)  
  124  9:00  Nexus  
  120  9:09  High Templar  
  120  9:10  High Templar x4  
  120  9:11  High Templar  
  120  9:13  Archon  
  120  9:14  Archon x2  
  128  9:17  Pylon  
  128  9:18  Pylon  
  128  9:19  Pylon, Zealot x6  
  128  9:20  Zealot  
  128  9:23  Observer (Chrono Boost)  
  143  9:34  Protoss Ground Weapons Level 3  
  143  9:40  High Templar x3  
  143  9:41  High Templar  
  143  9:42  Zealot x3  
  143  9:44  Zealot x6  
  159  9:45  Archon  
  159  9:46  Archon  
  131  10:13  Zealot x2  
  135  10:14  Zealot  
  137  10:22  Zealot  
  139  10:39  Zealot  
  139  10:40  Zealot x6  
  139  10:41  Zealot x4  
  139  10:42  Zealot  
  150  11:12  Zealot x2  
  150  11:13  Zealot x2  
  150  11:14  Warp Prism (Chrono Boost)  
  146  11:23  High Templar x2  
  146  11:24  Robotics Facility, High Templar x4  
  150  11:25  Robotics Bay, High Templar  
  150  11:26  High Templar x3  
  150  11:27  Zealot x3  
  150  11:29  Archon x2  
  150  11:30  Archon  
  150  11:31  Archon x2  
  154  11:34  Assimilator  
  154  11:36  Assimilator  
  140  12:12  Disruptor (Chrono Boost)  
  140  12:13  Disruptor (Chrono Boost)  
  146  12:17  Zealot x2  
  146  12:18  Zealot x6  
  146  12:19  Zealot x4  
  162  12:24  Zealot  
  152  12:40  Zealot x6  
  152  12:41  Zealot x2  
Show
View Real Time Build Order
Export as new Build Order

LiquidTLO Zerg 

Build Orders: 3 Hatch before Pool, Lurkers 

Get SALT Encoding   

  12  0:01  Drone  
  13  0:12  Overlord  
  13  0:17  Drone  
  14  0:30  Drone x2  
  14  0:35  Drone  
  17  0:52  Hatchery  
  17  0:54  Drone  
  17  0:57  Drone  
  18  1:17  Hatchery  
  17  1:20  Drone  
  17  1:23  Drone  
  19  1:36  Spawning Pool  
  19  1:39  Drone  
  19  1:42  Drone  
  20  1:49  Drone  
  21  2:00  Overlord  
  21  2:04  Drone  
  22  2:12  Drone  
  23  2:19  Drone  
  24  2:22  Queen  
  24  2:23  Zergling x2, Queen  
  24  2:27  Drone  
  24  2:29  Queen  
  32  2:34  Drone x2  
  32  2:37  Drone  
  35  2:43  Overlord  
  36  2:44  Drone  
  36  2:47  Drone  
  36  2:50  Drone  
  38  2:54  Drone  
  39  2:58  Queen  
  39  2:59  Drone  
  39  3:01  Queen  
  39  3:05  Extractor  
  43  3:06  Extractor  
  43  3:10  Drone  
  43  3:11  Drone  
  43  3:12  Overlord, Drone  
  45  3:16  Evolution Chamber  
  45  3:18  Drone  
  45  3:20  Drone  
  45  3:23  Overlord  
  45  3:26  Drone  
  47  3:30  Overlord  
  47  3:31  Drone x2  
  47  3:33  Drone  
  50  3:36  Spore Crawler  
  50  3:37  Drone  
  50  3:40  Drone  
  51  3:42  Drone  
  51  3:43  Drone x2  
  51  3:47  Spore Crawler  
  51  3:48  Drone  
  54  3:50  Drone  
  54  3:52  Drone  
  54  3:54  Drone  
  54  3:55  Drone  
  58  3:58  Zerg Melee Weapons Level 1  
  58  4:04  Drone x4  
  58  4:08  Overlord  
  61  4:10  Drone  
  61  4:11  Drone x2  
  61  4:12  Drone  
  61  4:15  Overlord  
  65  4:19  Spore Crawler  
  65  4:21  Metabolic Boost, Spore Crawler  
  63  4:24  Drone  
  63  4:25  Overlord  
  63  4:29  Extractor  
  63  4:30  Extractor  
  62  4:33  Overlord  
  62  4:34  Overlord, Extractor x2  
  62  4:37  Drone x2, Spore Crawler  
  61  4:39  Zergling x2  
  61  4:43  Lair  
  61  4:44  Drone  
  63  4:45  Drone  
  63  4:46  Drone  
  63  4:49  Zergling x4  
  63  4:50  Drone  
  68  4:55  Drone  
  68  4:58  Zergling x4  
  71  5:00  Drone  
  71  5:01  Overlord  
  71  5:04  Drone  
  71  5:05  Drone x3  
  76  5:07  Overlord  
  76  5:13  Drone  
  77  5:16  Drone  
  77  5:17  Drone  
  77  5:19  Overlord  
  77  5:20  Evolution Chamber  
  78  5:22  Drone x2  
  80  5:34  Hatchery  
  78  5:37  Zergling x16  
  78  5:42  Drone  
  85  5:43  Drone  
  86  5:51  Drone x2, Infestation Pit  
  86  5:52  Drone, Hydralisk Den  
  86  5:54  Drone  
  86  5:55  Drone  
  87  5:58  Zerg Ground Armor Level 1  
  87  5:59  Zerg Melee Weapons Level 2  
  87  6:03  Drone  
  87  6:04  Drone x2  
  87  6:05  Drone  
  87  6:08  Overlord  
  90  6:15  Spore Crawler  
  89  6:20  Spore Crawler, Drone  
  88  6:26  Lurker Den  
  88  6:27  Baneling Nest  
  88  6:28  Pathogen Glands  
  88  6:30  Hydralisk x3  
  93  6:40  Drone  
  93  6:41  Spine Crawler  
  93  6:43  Spine Crawler  
  93  6:46  Spine Crawler  
  91  6:47  Spine Crawler  
  91  6:50  Infestor x2  
  91  6:51  Infestor  
  91  6:53  Burrow, Infestor  
  98  6:55  Drone x2  
  98  6:57  Drone  
  101  7:02  Zergling x2  
  101  7:08  Drone x3  
  104  7:09  Overlord  
  104  7:12  Overlord  
  104  7:15  Zergling x4  
  106  7:16  Overlord  
  106  7:21  Zergling x4  
  108  7:24  Drone  
  108  7:28  Baneling x5  
  109  7:31  Drone  
  109  7:33  Spore Crawler  
  109  7:35  Zergling x6  
  109  7:37  Zergling x4  
  114  7:38  Baneling x3  
  114  7:39  Zergling x2, Baneling x3  
  114  7:42  Drone  
  116  7:44  Hydralisk  
  116  7:45  Hydralisk x6  
  116  7:47  Baneling x4  
  130  7:53  Lurker x3  
  130  7:55  Hydralisk x2  
  135  8:00  Drone  
  135  8:03  Drone x2, Hydralisk, Extractor  
  135  8:04  Hydralisk  
  135  8:05  Hydralisk  
  143  8:07  Hydralisk x2  
  143  8:12  Hydralisk  
  143  8:13  Hydralisk  
  143  8:15  Hydralisk  
  143  8:19  Zergling x2  
  142  8:20  Hydralisk x2  
  142  8:21  Zergling x2  
  142  8:24  Overlord, Zergling x2  
  142  8:25  Overlord  
  139  8:28  Extractor  
  139  8:30  Drone  
  139  8:31  Zergling x2  
  139  8:32  Zergling x2  
  139  8:33  Zergling x2  
  142  8:38  Infestor x3  
  142  8:39  Zergling x2  
  142  8:40  Lurker x4  
  139  8:43  Hydralisk  
  139  8:45  Zergling x2  
  139  8:47  Zergling x4  
  132  8:48  Baneling  
  132  8:49  Baneling  
  132  8:53  Drone, Hydralisk  
  132  8:54  Drone  
  132  8:55  Drone x3, Queen x2  
  127  8:57  Zergling x2  
  127  8:58  Drone x2  
  127  8:59  Drone  
  127  9:00  Drone  
  127  9:02  Drone x2  
  138  9:09  Hydralisk x2  
  138  9:12  Hydralisk  
  143  9:19  Zerg Missile Weapons Level 1  
  143  9:20  Zergling x2  
  143  9:23  Zergling x4  
  146  9:30  Hydralisk x2  
  146  9:31  Hydralisk  
  150  9:32  Hydralisk  
  150  9:36  Hydralisk x2  
  150  9:38  Zergling x2, Baneling x3  
  158  9:39  Zergling x2  
  158  9:40  Zergling x2  
  158  9:41  Zergling x2  
  153  9:49  Zergling x2  
  153  9:52  Zergling x4  
  130  9:54  Hydralisk x2, Zergling x2  
  130  9:55  Hydralisk  
  130  9:56  Hydralisk  
  128  10:03  Zerg Ground Armor Level 2  
  128  10:04  Drone  
  128  10:05  Roach Warren, Hydralisk  
  122  10:11  Lurker  
  122  10:12  Drone  
  122  10:13  Queen x2  
  119  10:14  Hydralisk  
  119  10:18  Drone x2  
  123  10:22  Drone x2  
  123  10:26  Zergling x2  
  123  10:27  Lurker  
  128  10:28  Lurker  
  128  10:35  Lurker x2  
  126  10:38  Zergling x4  
  126  10:42  Lurker  
  129  10:43  Lurker  
  129  10:45  Hydralisk  
  129  10:47  Hydralisk  
  129  10:49  Zergling x6  
  136  10:50  Hydralisk  
  136  10:51  Hydralisk  
  129  10:57  Hydralisk  
  129  10:58  Hydralisk  
  129  11:01  Hydralisk  
  129  11:02  Hydralisk  
  118  11:11  Drone x2  
  116  11:12  Drone x3  
  116  11:13  Hydralisk  
  116  11:16  Hydralisk x2, Roach x2  
  127  11:22  Zergling x2  
  127  11:23  Drone, Zergling x2  
  127  11:25  Extractor  
  124  11:26  Hydralisk  
  124  11:27  Zergling x2  
  125  11:34  Hatchery  
  125  11:36  Lurker  
  125  11:37  Lurker  
  126  11:46  Hydralisk x2  
  124  11:51  Hydralisk x2  
  124  11:56  Zergling x4  
  124  12:01  Zergling x8  
  129  12:06  Zergling x4  
  129  12:08  Hydralisk  
  132  12:11  Ravager  
  132  12:15  Hydralisk x2  
  132  12:19  Hydralisk  
  132  12:20  Hydralisk  
  135  12:23  Hydralisk  
  135  12:25  Hydralisk  
Tags
 
Add a new tag
Caveats
  • Supply blocks, unpowered buildings, or Contaminate may cause inaccurate times.
  • Supply counts are checked every 10 seconds.